Description

-

Replay - TvZ rush

Build Order

Get SALT Encoding   

  12  0:01  SCV  
  13  0:13  SCV  
  14  0:17  Supply Depot  
  14  0:25  SCV  
  15  0:29  Refinery  
  15  0:39  SCV  
  16  0:47  Barracks  
  16  0:53  SCV  
  17  1:05  SCV  
  18  1:17  SCV  
  19  1:33  Reaper  
  19  1:34  Orbital Command  
  20  1:45  Command Center  
  20  1:56  Factory  
  20  2:00  SCV  
  21  2:06  Refinery  
  21  2:11  Barracks Reactor  
  21  2:15  SCV  
  22  2:19  Supply Depot  
  22  2:27  SCV  
  24  2:46  Starport  
  24  2:57  Barracks Tech Lab, Orbital Command  
  25  2:59  Hellion x2  
  30  3:22  Hellion x2  
  35  3:30  Supply Depot, Banshee  
  40  3:47  Cyclone x2  
  46  3:53  Supply Depot  
  48  4:04  Supply Depot  
  48  4:12  Banshee  
  52  4:17  Cloaking Field  
  52  4:20  Hellion x2  
  58  4:35  Armory  
  58  4:41  Hellion x2  
  65  4:57  Banshee  
  69  5:03  Hellion x2  
  75  5:19  Command Center  
  75  5:22  Refinery x2  
  79  5:51  Factory x3  
  79  6:00  Factory  
  79  6:06  Banshee  
  80  6:18  Terran Vehicle Weapons Level 1  
  88  6:33  Orbital Command  
  88  6:36  Factory Tech Lab x3  
  92  6:43  Factory Tech Lab  
  92  6:51  Banshee  
  95  6:58  Siege Tank x2  
  101  7:01  Orbital Command  
  101  7:07  Siege Tank  
  110  7:22  Refinery x2  
  116  7:42  Thor x2  
  132  8:10  Siege Tank x2  
  132  8:11  Banshee  
  144  8:20  Hellbat x2  
  144  8:29  Siege Tank  
  147  8:35  Siege Tank  
  147  8:40  Command Center  
  150  8:42  Hellbat x2  
  154  8:51  Siege Tank  
  166  9:09  Command Center  
Spawning Tool Build Advisor. Get it on Overwolf

Analysis

-

Go to:

Details

  • Created by: Michauter
  • Published on: Dec 31, 2017
  • Modified on: Dec 31, 2017
  • Patch: 4.0.0
Show
View Real Time Build Order
Export as new Build Order

Comments (0)

There are no comments. Be the first!

Create an account to comment!